 Dungeon Crawl Stone Soup version 0.27.0-1-g7a089689b8 (webtiles) character file.

Game seed: 17679433745610705190

114 Leibowitz the Covert (level 4, -1/23 HPs)
             Began as a Spriggan Brigand on Aug 9, 2021.
             Was an Initiate of Wu Jian.
             Killed by nerve-wracking pain
             ... invoked by Grinder
              (8 damage)
             ... while paralysed by Grinder
             ... on level 4 of the Dungeon.
             The game lasted 00:05:53 (2839 turns).

Leibowitz the Covert (Spriggan Brigand)             Turns: 2839, Time: 00:05:54

Health: -1/23      AC:  3    Str:  7    XL:     4   Next: 67%
Magic:  14/14      EV:  4    Int: 12    God:    Wu Jian [......]
Gold:   154        SH:  0    Dex: 17    Spells: 3/3 levels left

rFire    . . .     SeeInvis +   a - +2 dagger (venom)
rCold    . . .     Faith    .   (shield restricted)
rNeg     . . .     Spirit   .   b - +0 robe
rPois    .         Reflect  .   (helmet restricted)
rElec    .         Harm     .   c - +0 cloak
rCorr    .         Rampage  .   (gloves unavailable)
Will     .....                  (boots unavailable)
Stlth    ++++......             i - amulet of magic regeneration
HPRegen  0.07/turn              o - ring of magical power
MPRegen  0.39/turn              (no ring)

@: paralysed, very quick
A: very small, no large weapons, unfitting armour, see invisible, speed 3
a: Renounce Religion


You were on level 4 of the Dungeon.
You worshipped Wu Jian.
Wu Jian was noncommittal.
You visited 1 branch of the dungeon, and saw 4 of its levels.

You collected 154 gold pieces.

Inventory:

Hand Weapons
 a - a +2 dagger of venom (weapon)
 k - a +2 dagger
Missiles
 d - 41 poisoned darts (quivered)
 e - 2 curare-tipped darts
Armour
 b - a +0 robe (worn)
 c - a +0 cloak (worn)
Jewellery
 i - an amulet of magic regeneration (around neck)
 o - a ring of magical power (left hand)
Wands
 v - a wand of flame (27)
Scrolls
 f - a scroll of fear {unknown}
 j - 2 scrolls of magic mapping {unknown}
 l - 2 scrolls of identify {unknown}
 m - 2 scrolls of amnesia {unknown}
 n - a scroll of teleportation {unknown}
 u - a scroll of enchant weapon {unknown}
Potions
 g - a potion of haste {unknown}
 h - a potion of curing {unknown}
 p - a potion of attraction {unknown}
 q - 2 potions of might {unknown}
 r - a potion of brilliance {unknown}
 s - a potion of heal wounds {unknown}


   Skills:
 * Level 1.8 Fighting
 * Level 2.8 Short Blades
 - Level 2.0 Throwing
 * Level 2.3 Dodging
 * Level 8.3 Stealth


You had 3 spell levels left.
You didn't know any spells.
Your spell library contained the following spells:

 Spells                   Type           Power      Damage    Failure   Level
 Beastly Appendage        Tmut           0%         N/A       32%         1
 Wereblood                Tmut           0%         N/A       45%         2
 Spider Form              Tmut/Pois      0%         N/A       69%         3


Dungeon Overview and Level Annotations

Branches:
Dungeon (4/15)
 Temple: D:4-7

Altars:
Cheibriados
Uskayaw
Wu Jian
Zin

Shops:
D:2 *

Annotations:
D:4 Grinder


Innate Abilities, Weirdness & Mutations

You are very small and have problems with some larger weapons.
You are too small for most types of armour.
You have supernaturally acute eyesight. (SInv)
You cover ground extremely quickly. (Speed+++)


Message History

You climb downwards.
Level annotation: Grinder
Found a book of Changes.
There is a stone staircase leading up here.
You pick up a book of Changes and begin reading...
You add the spells Beastly Appendage, Wereblood and Spider Form to your library.
HP restored.
Grinder is nearby!
There is a stone staircase leading up here.
Grinder says, "You look like you could use a good racking."
Grinder blinks!
An adder comes into view.
You hit Grinder.
Grinder is lightly wounded.
Grinder misses you.
You hit Grinder but do no damage.
Grinder is poisoned.
Grinder is lightly wounded.
An adder comes into view.
The adder hisses angrily.
You hit Grinder.
Grinder is moderately wounded.
You hear a bark!
Grinder hits you.
You writhe in agony.
You closely miss Grinder.
Grinder is moderately wounded.
A hound comes into view.
Grinder barely misses you.
You hit Grinder but do no damage.
Grinder is moderately wounded.
Grinder completely misses you.
You hit Grinder.
Grinder looks as sick as possible!
Grinder is moderately wounded.
Grinder gestures at you.
You suddenly lose the ability to move!
Grinder gestures at you. You resist with some effort.
The hound barely misses you. The adder bites you. The hound bites you.
Grinder gestures at you. Pain shoots through your body!
You die...

#####.# #.....# .
#.###.# ..
#<##..#... #. .#
##.#......
#.##.###....#.#
#.........S...#
##..(..##..@h..#
#/.........5...#
#.......###........
#.......# ##....###
#...[# #.#.# #....#
.#.# ##†#.# .# #
#..#.# #.#)... #.#
....# #.# ##.# #.
#...###


You could see Grinder (extremely poisoned), a hound and an adder.

Vanquished Creatures
  An orc priest (D:3)
  A hound skeleton (D:4)
  An adder (D:2)
  A white imp (D:4)
  2 dart slugs (D:2)
  6 orcs (D:3)
  2 ball pythons (D:2)
  5 endoplasms
  6 goblins
  6 hobgoblins
  A quokka (D:3)
  4 bats
  2 frilled lizards
  4 kobolds
  5 rats
47 creatures vanquished.

Notes
Turn   | Place    | Note
-------+----------+-------------------------------------------
     0 | D:1      | Leibowitz the Spriggan Brigand began the quest for the Orb.
     0 | D:1      | Reached XP level 1. HP: 10/10 MP: 2/2
     0 | D:1      | Noticed a troll
     0 | D:1      | Noticed a naga
     1 | D:1      | Noticed a merfolk
     3 | D:1      | Noticed a demonspawn
     3 | D:1      | Noticed a draconian
     5 | D:1      | Noticed a draconian
    11 | D:1      | Noticed an elf
    13 | D:1      | Noticed a djinni
    13 | D:1      | Noticed a naga
    15 | D:1      | Noticed a tengu
    15 | D:1      | Noticed a demigod
    15 | D:1      | Noticed a dwarf
    17 | D:1      | Noticed a felid
    17 | D:1      | Noticed a ghoul
    19 | D:1      | Noticed an ogre
    19 | D:1      | Noticed a barachi
    21 | D:1      | Noticed a vine stalker
    61 | D:1      | Reached skill level 6 in Stealth
   355 | D:1      | Reached XP level 2. HP: 8/14 MP: 3/3
   831 | D:2      | Reached skill level 7 in Stealth
   983 | D:2      | Reached XP level 3. HP: 18/18 MP: 4/4
  1109 | D:2      | Found Bixoes's General Store.
  1630 | D:3      | Found an ornate altar of the Wu Jian Council.
  1630 | D:3      | Found a hide-covered altar of Uskayaw.
  1630 | D:3      | Found a snail-covered altar of Cheibriados.
  1664 | D:3      | Reached XP level 4. HP: 17/23 MP: 5/5
  1667 | D:3      | Reached skill level 8 in Stealth
  2160 | D:3      | Found a glowing silver altar of Zin.
  2245 | D:3      | Became a worshipper of the Wu Jian Council
  2696 | D:4      | Noticed Grinder
  2837 | D:4      | Paralysed by Grinder for 3 turns
  2839 | D:4      | Killed from afar by Grinder

Illustrated notes

Levels and vault maps discovered:
D:1:      shiori_arrival_whats_in_store_for_you, layout_basic,
          corexii_item_surrounded_by_moat
D:2:      layout_loops_ring, serial_shops, nicolae_shop_window_shopping
D:3:      layout_loops_ring, chequers_temple_overflow_statue_of_worship
D:4:      layout_loops_ring, old_standard_altar,
          minmay_temple_entry_statues_fountains, uniq_grinder, uniq_duvessa,
          uniq_crazy_yiuf_cottage, uniq_blork_the_orc, uniq_pikel

Skill      XL: |  1  2  3  4 |
---------------+-------------+-----
Stealth        | 6 7 8 |  8.3
Dodging        | 2 |  2.3
Fighting       | |  1.8
Short Blades   | |  2.8
Throwing       | |  2.0

Action                   |  1- 3 |  4- 6 || total
-------------------------+-------+-------++-------
Melee: Dagger            |    76 |    56 ||   132
Invok: Lunge             |       |     2 ||     2
Evoke: Wand              |       |     1 ||     1
 Stab: Sleeping          |    13 |     4 ||    17
Armor: Robe              |     6 |     3 ||     9
Dodge: Dodged            |    36 |    41 ||    77
